 Dungeon Crawl Stone Soup version 0.32-a0-407-g4da7c8d6d1 (webtiles) character file.

Game seed: 473861901472946980

171 seren the Digger (level 5, -1/28 HPs)
             Began as a Gargoyle Earth Elementalist on Feb 20, 2024.
             Slain by a gnoll
             ... wielding a +2 flail of protection
              (6 damage)
             ... on level 2 of the Dungeon.
             The game lasted 00:06:55 (2683 turns).

seren the Digger (Gargoyle Earth Elementalist)      Turns: 2683, Time: 00:06:56

Health: -1/28      AC:  6    Str: 17    XL:     5   Next: 51%
Magic:  5/9        EV: 12    Int: 18    God:
Gold:   106        SH:  0    Dex: 10    Spells: 2/9 levels left

rFire   . . .        s - +1 dagger (vamp)
rCold   . . .        (no shield)
rNeg    + . .        a - +0 robe
rPois   ∞            (no helmet)
rElec   +            (no cloak)
rCorr   .            (no gloves)
SInv    +            (no boots)
Will    .....        (no amulet)
Stlth   ++           q - ring of see invisible
HPRegen 0.24/turn    c - +6 ring of strength
MPRegen 0.11/turn

%: no passive effects
@: no status effects
A: sickness immunity, AC +4, negative energy resistance 1, electricity
resistance, torment resistance 1, petrification resistance
a: no special abilities


You were on level 2 of the Dungeon.
You visited 1 branch of the dungeon, and saw 3 of its levels.

You collected 106 gold pieces.

Inventory:

Hand Weapons
 s - a +1 vampiric dagger (weapon)
Armour
 a - a +0 robe (worn)
 l - the +0 chain mail of Seahei {rF+ Will+ MP+9}
   (You found it on level 2 of the Dungeon)

   rF+:       It protects you from fire.
   Will+:     It increases your willpower.
   MP+9:      It affects your magic capacity (+9).
Jewellery
 c - a +6 ring of strength (right hand)
 q - a ring of see invisible (left hand)
Scrolls
 h - a scroll of noise
 k - a scroll of amnesia {unknown}
 m - a scroll of fog {unknown}
 p - a scroll of enchant armour {unknown}
Potions
 b - a potion of magic
 e - a potion of resistance {unknown}
 f - a potion of haste {unknown}
 g - a potion of cancellation {unknown}
 i - a potion of enlightenment {unknown}
 n - a potion of invisibility {unknown}
 o - 2 potions of curing {unknown}
 r - a potion of berserk rage {unknown}


   Skills:
 + Level 2.3 Dodging
 + Level 3.3 Stealth
 + Level 2.8 Spellcasting
 * Level 2.8 Conjurations
 * Level 4.6 Earth Magic


You had 2 spell levels left.
You knew the following spells:

 Your Spells              Type           Power      Damage    Failure   Level
a - Sandblast             Erth           38%        2d10      2%          1
b - Passwall              Erth           19%        N/A       8%          3
c - Stone Arrow           Conj/Erth      32%        3d9       11%         3

Your spell library contained the following spells:

 Spells                   Type           Power      Damage    Failure   Level
 Brom's Barrelling Bould  Conj/Erth      16%        2d4       34%         4
 Petrify                  Alch/Erth      10%        N/A       54%         4


Dungeon Overview and Level Annotations

Branches:
Dungeon (3/15)

Altars:
Wu Jian

Shops:
D:2 (


Innate Abilities, Weirdness & Mutations

You are immune to sickness and miasma.
Your stone body is resilient. (AC +4)
You are immune to poison.
You resist negative energy. (rN+)
You are resistant to electric shocks. (rElec)
You are resistant to unholy torment.
You are immune to petrification.


Message History

There is a stone staircase leading up here.
You see here a +0 spear.
A gnoll is nearby!
The blast of sand hits the gnoll.
The gnoll is heavily wounded.
The gnoll shouts!
You hear a shout!
The gnoll closely misses you.
The blast of sand hits the gnoll!
You kill the gnoll!
You see here a +0 spear.
There is a stone staircase leading up here.
The blast of sand hits the gnoll but does no damage.
The blast of sand hits the gnoll but does no damage.
The gnoll closely misses you. x2
The blast of sand hits the gnoll but does no damage.
The gnoll hits you but does no damage.
The blast of sand hits the gnoll.
The gnoll is moderately wounded.
The gnoll closely misses you.
The gnoll hits you with a +2 flail of protection!
* * * LOW HITPOINT WARNING * * *
The gnoll hits you with a +2 flail of protection.
* * * LOW HITPOINT WARNING * * *
You climb upwards.
There is a stone staircase leading down here.
You hit the gnoll but do no damage.
The gnoll is moderately wounded.
The gnoll hits you with a +2 flail of protection!
* * * LOW HITPOINT WARNING * * *
As you read the scroll labelled OHANUXK ILAL, it crumbles to dust.
It is a scroll of identify.
h - a scroll of noise The gnoll hits you with a +2 flail of protection.
* * * LOW HITPOINT WARNING * * *
Okay, then.
As you read the scroll labelled PEUNUCWEOFA, it crumbles to dust.
It is a scroll of enchant weapon.
Your +0 vampiric dagger glows red for a moment.
The gnoll hits you with a +2 flail of protection.
You die...

#..)...........########.###.#...
#.##.########...................
#.##.# ##.#.............####.#÷.
#.##.###.#....(.#######.# #.##.
#.##.##.###.....#######.# #.##.
#.##>#.## ##............# #.##.
#.##....###.....######### #.##.
#.######.#.....(#### #.... #.#
#.........@g..###########.. #.#
#..#####.####........# #.>
#.####..# #..# ########.# #..
#<..##..# ##.# #.# #..
####.##..# #.# ###.# #..
#....##.)# #.# ##...####..
#.#####..# #.#######......##..
#.# #..# #.................. #.#
#..# #########......##.#


You could see a gnoll.

Vanquished Creatures
  A hound (D:1)
  3 gnolls
  An adder (D:3)
  A ribbon worm (D:2)
  4 dart slugs
  6 ball pythons
  5 bats
  5 endoplasms
  2 giant cockroaches
  5 goblins
  3 hobgoblins
  5 jackals
  4 kobolds
  2 quokkas (D:1)
  3 frilled lizards
  5 rats (D:2)
55 creatures vanquished.

Notes
Turn   | Place    | Note
-------+----------+-------------------------------------------
     0 | D:1      | seren the Gargoyle Earth Elementalist began the quest for
                  | the Orb.
     0 | D:1      | Reached XP level 1. HP: 10/10 MP: 3/3
    62 | D:1      | Reached XP level 2. HP: 15/15 MP: 0/5
   374 | D:1      | Reached XP level 3. HP: 19/19 MP: 3/6
   510 | D:1      | Reached skill level 4 in Earth Magic
   820 | D:1      | Reached XP level 4. HP: 19/24 MP: 1/7
  1093 | D:2      | Identified the +0 chain mail of Seahei {rF+ Will+ MP+9}
  1491 | D:2      | Found Qeruc Timp's Weapon Shop.
  1540 | D:2      | Found an ornate altar of the Wu Jian Council.
  1995 | D:3      | Found a faded altar of an unknown god.
  2022 | D:2      | Learned a level 3 spell: Passwall
  2026 | D:2      | Learned a level 3 spell: Stone Arrow
  2092 | D:3      | Reached XP level 5. HP: 25/28 MP: 5/9
  2412 | D:3      | Found an ornate altar of the Wu Jian Council.
  2683 | D:2      | Slain by a gnoll

Illustrated notes

Levels and vault maps discovered:
D:1:      psy_arrival_whirlpool, layout_loops_ring, solitary_fountain
D:2:      layout_loops_ring, basic_altar, serial_shops,
          nicolae_shop_bloodbath_and_beyond
D:3:      layout_loops_corners, mainiacjoe_overflow_brackets,
          ebering_ecumenical_altar_box, nrook_loot_triangle,
          minmay_stone_trees_small

Skill      XL: |  1  2  3 |
---------------+----------+-----
Earth Magic    | 4 |  4.6
Dodging        | 2 |  2.3
Stealth        | 3 |  3.3
Conjurations   | 2 |  2.8
Spellcasting   | |  2.8

Action                     |  1- 3 |  4- 6 || total
---------------------------+-------+-------++-------
  Melee: Unarmed           |     2 |       ||     2
         Club              |    13 |       ||    13
         Dagger            |       |     2 ||     2
   Cast: Sandblast         |    33 |    46 ||    79
    Use: Scroll            |       |     2 ||     2
   Stab: Sleeping          |       |     1 ||     1
 Armour: Robe              |    32 |    21 ||    53
  Dodge: Dodged            |    45 |    21 ||    66

Table legend: (Time is in decaauts)
 A = Elapsed time spent in this place.
 B = Non-inter-level travel time spent in this place.
 C = Inter-level travel time spent in this place.
 D = Time resting spent in this place.
 E = Time spent auto-exploring this place.
 F = Levels seen in this place.
 G = Mean time per level.
                   A        B        C        D        E       F      G
               +--------+--------+--------+--------+--------+-----+--------+
         Total |   2728 |   2623 |    105 |    223 |   1773 |   3 |  909.3 |
       Dungeon |   2728 |   2623 |    105 |    223 |   1773 |   3 |  909.3 |
               +--------+--------+--------+--------+--------+-----+--------+

Top non-repeatable levels by time:
     D:2: 949 daAuts
     D:1: 922 daAuts
     D:3: 856 daAuts
